AoeStats
← Tonir

Arena

509695430Analyzed
3v3 RM · 5d ago on Sep 27, 2026· 66m 56s· 6 players
Game mode
Random Map
Map size
Normal (6 player)
Population
200
Speed
Normal
Resources
Standard
Victory
Conquest
Starting age
Dark Age
Ending age
Imperial Age
RankedLock teamsTeams togetherTeam positionsShared explorationLock speedFull tech treeHidden civsTurbo modeCheats
Victory
Defeat
🇩🇪 Spanish · Germany
944
+12
🇩🇪 Bulgarians · Germany
857
+15
🇩🇪 Chinese · Germany
797
+17
🇪🇸 Spanish · Spain
902
-17
🇪🇸 Saracens · Spain
815
-34
🇪🇸 Franks · Spain
800
-13
Macedonius
11:34 Feudal Age
9:55 Loom
15:17 Castle Age
13:36 Double-Bit Axe
14:12 Stone Mining
17:26 Gold Mining
Tonir
7:33 Loom
12:54 Feudal Age
16:38 Double-Bit Axe
19:52 Castle Age
19:24 Stone Mining
19:33 Gold Mining
20:23 Scale Barding Armor
21:07 Husbandry
22:46 Forging
23:44 Murder Holes
27:41 Fletching
29:43 Chain Barding Armor
32:48 Iron Casting
34:12 Bow Saw
39:19 Imperial Age
37:26 Wheelbarrow
39:28 Cavalier
41:01 Hoardings
41:19 Plate Barding Armor
41:45 Blast Furnace
43:06 Paladin
47:03 Gold Shaft Mining
48:19 Bodkin Arrow
55:36 Chivalry
55:07 Pikeman
55:48 Squires
59:00 Scale Mail Armor
60:05 Chain Mail Armor
59:42 Halberdier
hosxe
8:59 Loom
11:53 Feudal Age
12:23 Horse Collar
13:20 Gold Mining
13:22 Stone Mining
15:50 Double-Bit Axe
17:54 Wheelbarrow
25:56 Castle Age
24:25 Fletching
24:37 Padded Archer Armor
26:34 Bloodlines
28:06 Gold Shaft Mining
27:50 Bow Saw
29:18 Heavy Plow
40:21 Pikeman
45:11 Gambesons
45:30 Squires
44:56 Crossbowman
45:52 Thumb Ring
46:06 Husbandry
49:53 Imperial Age
50:17 Masonry
50:16 Murder Holes
50:35 Fortified Wall
50:50 Ballistics
50:23 Guard Tower
50:45 Siphons
52:43 Heavy Camel Rider
52:51 Arbalester
52:52 Elite Skirmisher
52:53 Heavy Cavalry Archer
54:01 Parthian Tactics
62:52 Town Watch
jip
0:27 Loom
10:10 Feudal Age
11:06 Double-Bit Axe
11:17 Horse Collar
17:42 Castle Age
16:38 Gold Mining
20:38 Thumb Ring
20:56 Squires
21:36 Bow Saw
24:35 Elite Skirmisher
32:37 Wheelbarrow
34:29 Gold Shaft Mining
35:26 Fletching
35:37 Scale Mail Armor
38:13 Pikeman
42:48 Ballistics
45:43 Imperial Age
48:10 Chemistry
49:39 Stone Mining
49:42 Fletching
49:53 Padded Archer Armor
50:08 Chain Mail Armor
57:23 Two-Man Saw
56:50 Bombard Tower
59:20 Stone Shaft Mining
58:16 Halberdier
58:25 Heavy Scorpion
butteryassluke
9:34 Loom
11:39 Feudal Age
12:04 Horse Collar
13:07 Double-Bit Axe
16:14 Wheelbarrow
16:23 Town Watch
16:24 Loom
16:40 Stone Mining
19:30 Castle Age
23:19 Forging
23:17 Scale Barding Armor
29:56 Elite Skirmisher
31:25 Fletching
44:03 Stirrups
44:13 Husbandry
45:11 Thumb Ring
47:33 Gold Mining
48:19 Stone Shaft Mining
52:37 Iron Casting
52:23 Chain Barding Armor
52:04 Scale Mail Armor
52:36 Bloodlines
58:44 Imperial Age
57:47 Chain Mail Armor
58:34 Squires
58:20 Arson
59:48 Elite Konnik
62:15 Blast Furnace
61:46 Plate Mail Armor
61:52 Plate Barding Armor
yannik
10:26 Feudal Age
12:27 Horse Collar
16:15 Castle Age
14:27 Double-Bit Axe
15:29 Gold Mining
17:07 Loom
18:12 Scale Barding Armor
25:57 Bloodlines
25:48 Husbandry
26:12 Chain Barding Armor
27:28 Heavy Plow
29:20 Masonry
37:28 Imperial Age
37:45 Stone Mining
37:59 Pikeman
38:56 Forging
40:54 Hoardings
41:04 Wheelbarrow
44:11 Chemistry
45:55 Conscription
46:17 Halberdier
46:57 Squires
48:30 Scale Mail Armor
49:05 Iron Casting
49:08 Plate Barding Armor
48:56 Hand Cart
48:26 Town Watch
49:40 Stone Shaft Mining
50:42 Chain Mail Armor
51:29 Blast Furnace
51:43 Elite Conquistador
53:32 Plate Mail Armor
53:39 Supremacy
55:50 Architecture
55:44 Ballistics
62:19 Light Cavalry
62:24 Cavalier
62:32 Cavalier
Connection lost

Rejoining the realm…

Still unreachable

The connection could not be restored.

Session expired

The server has moved on; the page needs a fresh start.